AoeStats
← I don't care anymore

Glade

511035640Analyzed
1v1 RM · 4h ago on Oct 3, 2026· 43m 15s· 2 players
Game mode
Random Map
Map size
Tiny (2 player)
Population
200
Speed
Normal
Resources
Standard
Victory
Conquest
Starting age
Dark Age
Ending age
Imperial Age
RankedLock teamsTeams togetherTeam positionsShared explorationLock speedFull tech treeHidden civsTurbo modeCheats
Victory
Defeat
🇷🇺 Malay · Russia
435
+16
🇳🇱 Mongols · Netherlands
436
-16
Tokamak
0:28 Loom
12:13 Feudal Age
12:40 Wheelbarrow
11:54 Double-Bit Axe
12:08 Horse Collar
20:02 Scale Barding Armor
24:42 Castle Age
22:47 Padded Archer Armor
22:51 Stone Mining
22:53 Gold Mining
25:12 Hand Cart
28:52 Stone Shaft Mining
28:54 Gold Shaft Mining
28:47 Leather Archer Armor
28:24 Fletching
28:49 Heavy Plow
30:00 Crossbowman
34:11 Bow Saw
34:30 Bodkin Arrow
34:47 Forging
35:22 Ballistics
35:00 Murder Holes
36:25 Thumb Ring
37:16 Heated Shot
37:37 Masonry
37:52 Thalassocracy
42:37 Imperial Age
40:32 Husbandry
41:46 Cavalier
43:46 Conscription
43:06 Elite Skirmisher
43:07 Arbalester
I don't care anymore
6:08 Loom
12:18 Feudal Age
12:46 Town Watch
13:37 Wheelbarrow
19:25 Castle Age
22:30 Hand Cart
22:08 Double-Bit Axe
23:40 Bow Saw
41:38 Imperial Age
41:33 Ballistics
41:24 Masonry
Connection lost

Rejoining the realm…

Still unreachable

The connection could not be restored.

Session expired

The server has moved on; the page needs a fresh start.